 Dungeon Crawl Stone Soup version 0.25-a0-1133-g93ebf739aa (webtiles) character file.

Game seed: 13602926550591850596, levelgen mode: deterministic

232323 Gynju the Fencer (level 19, -26/112 HPs)
             Began as a Gargoyle Earth Elementalist on May 22, 2020.
             Was the Champion of Ru.
             Killed from afar by an ogre mage (52 damage)
             ... with a crystal spear
             ... on level 2 of the Vaults.
             The game lasted 01:39:56 (48184 turns).

Gynju the Fencer (Gargoyle Earth Elementalist)     Turns: 48184, Time: 01:39:57

Health: -26/112    AC: 34    Str: 12    XL:     19   Next: 8%
Magic:  23/35      EV: 15    Int: 27    God:    Ru [******]
Gold:   3047       SH: 15    Dex: 10    Spells: 17/42 levels left

rFire    + . .     SeeInvis .   K - +7 Singing Sword {vorpal, sonic wave}
rCold    + . .     Gourm    .   i - +0 kite shield
rNeg     + . .     Faith    .   m - +5 steam dragon scales
rPois    ∞         Spirit   .   v - +0 helmet
rElec    +         Reflect  +   w - scarf {rC+ rF+}
rCorr    .         Harm     .   p - +0 pair of gloves
MR       +....                  N - +0 pair of boots of the Doldrums {Int+3}
Stlth    ++........             j - amulet of reflection
HPRegen  0.28/turn              H - +4 ring of slaying
MPRegen  0.24/turn              T - +4 ring of protection

@: exhausted, no potions, horrified, no scrolls, flying, lightly drained
A: big wings, negative energy resistance 1, electricity resistance, unbreathing,
petrification resistance, rot immunity, inability to drink while threatened,
inability to read while threatened, inability to use devices, cowardly, AC +14
}: 2/15 runes: decaying, gossamer
a: Stop Flying, Draw Out Power, Power Leap, Apocalypse, Renounce Religion


You were on level 2 of the Vaults.
You worshipped Ru.
Ru was exalted by your worship.
You were not hungry.

You visited 7 branches of the dungeon, and saw 33 of its levels.
You also visited: Gauntlet.

You collected 3164 gold pieces.
You spent 117 gold pieces at shops.

Inventory:

Hand Weapons
 I - the +7 spear "Zeuv" {vorpal, rElec rC- Int+4}
   (You found it on level 10 of the Dungeon)

   It inflicts extra damage upon your enemies.
   It affects your intelligence (+4).
   It makes you vulnerable to cold.
   It insulates you from electricity.
 K - the +7 Singing Sword (weapon) {vorpal, sonic wave}
   (You found it on level 11 of the Dungeon)

   It inflicts extra damage upon your enemies.
Missiles
 b - 571 stones (quivered)
Armour
 i - a +0 kite shield (worn)
 m - +5 steam dragon scales (worn)
 p - a +0 pair of gloves (worn)
 v - a +0 helmet (worn)
 w - a scarf of resistance (worn)
 N - the +0 pair of boots of the Doldrums (worn) {Int+3}
   (You found it in a Gauntlet)

   It affects your intelligence (+3).
 V - the +0 cloak "Etuu" {rN+ rCorr Dex+4}
   (You found it on level 3 of the Spider Nest)

   It affects your dexterity (+4).
   It protects you from negative energy.
   It provides partial protection from all sources of acid and corrosion.
Jewellery
 c - an uncursed ring of magical power
 j - an amulet of reflection (around neck)
 l - an uncursed amulet of magic regeneration
 o - a +6 ring of strength
 q - an uncursed ring of positive energy
 r - an uncursed ring of resist corrosion
 y - a +4 ring of evasion
 F - an uncursed ring of see invisible
 G - an uncursed ring of wizardry
 H - a +4 ring of slaying (left hand)
 R - an uncursed ring of ice
 T - a +4 ring of protection (right hand)
Scrolls
 a - 20 scrolls of teleportation
 e - 2 scrolls of blinking
 h - 15 scrolls of remove curse {@r2}
 s - 6 scrolls of enchant weapon
 t - 7 scrolls of identify {@r1}
 u - 4 scrolls of amnesia
 C - 2 scrolls of fog
 D - a scroll of acquirement {unknown}
 Q - 3 scrolls of fear
 U - 2 scrolls of enchant armour
 W - a scroll of noise {unknown}
Potions
 f - 7 potions of lignification
 g - 5 potions of ambrosia
 n - 7 potions of flight
 x - 6 potions of curing {@q1}
 z - 5 potions of resistance
 A - 7 potions of heal wounds
 B - 2 potions of cancellation
 E - 4 potions of magic
 L - 3 potions of stabbing
 M - 2 potions of mutation
 O - 2 potions of berserk rage
 P - 2 potions of might
 S - 5 potions of degeneration
Miscellaneous
 J - 3 boxes of beasts
Comestibles
 d - 42 rations
 k - 4 chunks of flesh


   Skills:
 - Level 10.0(9.4) Fighting
 - Level 16.0(15.3) Long Blades
 - Level 10.0(9.4) Armour
 - Level 10.0(9.4) Dodging
 - Level 2.1(1.7) Stealth
 + Level 9.0(8.4) Shields
 + Level 12.1(11.6) Spellcasting
 + Level 12.9(12.3) Conjurations
 - Level 5.0(4.5) Necromancy
 - Level 5.0(4.5) Transmutations
 + Level 13.3(12.7) Earth Magic


You had 17 spell levels left.
You knew the following spells:

 Your Spells              Type           Power        Failure   Level  Hunger
a - Sandblast             Erth           ######       1%          1    None
b - Stone Arrow           Conj/Erth      ######       1%          3    None
c - Vampiric Draining     Necr           ####......   3%          3    None
d - Iron Shot             Conj/Erth      ######....   8%          6    #####..
e - Petrify               Tmut/Erth      #####...     2%          4    None
f - Passwall              Tmut/Erth      #####...     1%          2    None
g - Apportation           Tloc           ##....       9%          1    None
h - Lee's Rapid Deconstr  Erth           ######....   1%          5    ###....

Your spell library contained the following spells:

 Spells                   Type           Power        Failure   Level  Hunger
 Animate Skeleton         Necr           N/A          1%          1    None
 Beastly Appendage        Tmut           ####..       1%          1    None
 Magic Dart               Conj           ####         1%          1    None
 Pain                     Necr           ####         1%          1    None
 Searing Ray              Conj           ######       1%          2    None
 Sticks to Snakes         Tmut           ####....     1%          2    None
 Dazzling Flash           Conj/Hex       #####.       1%          3    None
 Fulminant Prism          Conj/Hex       #####.....   7%          4    None
 Iskenderun's Mystic Bla  Conj/Tloc      #####...     7%          4    None
 Bolt of Magma            Conj/Fire/Erth #####.....   8%          5    ###....
 Corona                   Hex            ##.....      9%          1    None
 Infusion                 Chrm           ##..         9%          1    None
 Summon Small Mammal      Summ           ##..         9%          1    None
 Spider Form              Tmut/Pois      ###.......   10%         3    None
 Shroud of Golubria       Chrm/Tloc      ##....       13%         2    None
 Song of Slaying          Chrm           ##......     13%         2    None
 Animate Dead             Necr           N/A          13%         4    None
 Iskenderun's Battlesphe  Conj/Chrm      #####...     19%         5    ###....
 Ozocubu's Armour         Chrm/Ice       ##......     26%         3    None
 Spectral Weapon          Hex/Chrm       ##......     26%         3    None
 Ice Form                 Ice/Tmut       ###.....     32%         4    None
 Agony                    Necr           ####....     34%         5    ###....
 Blade Hands              Tmut           ####......   34%         5    ###....
 Orb of Destruction       Conj           ######....   41%         7    ######.
 Spellforged Servitor     Conj/Summ      #####.....   99%         7    ######.


Dungeon Overview and Level Annotations

Branches:
Dungeon (15/15)            Temple (1/1) D:7            Lair (5/6) D:11
  Swamp (4/4) Lair:3       Spider (4/4) Lair:3        Slime (0/5) Lair:5
    Orc (2/2) D:12            Elf (0/3) Orc:2        Vaults (2/5) D:13
 Depths (0/5) D:15        Gauntlet (visited)
  Crypt: Vaults:2-3

Altars:
Ashenzari
Cheibriados
Dithmenos
Elyvilon
Fedhas
Gozag
Hepliaklqana
Kikubaaqudgha
Makhleb
Nemelex Xobeh
Okawaru
Qazlal
Ru
Sif Muna
Trog
Uskayaw
Vehumet
Wu Jian
Xom
Yredelemnul
Zin
The Shining One
Beogh
Jiyva
Lugonu

Shops:
Orc:2 (:*[(   Vaults:1 =

Annotations:
D:6 2 runed translucent doors
Spider:2 2 transporters, exclusion: downstairs, Arachne


Innate Abilities, Weirdness & Mutations

You are resistant to torment.
Your stone body is resilient. (AC +14)
You are immune to poison.
Your large and strong wings let you fly indefinitely.
You resist negative energy. (rN+)
You are resistant to electric shocks. (rElec)
You can survive without breathing.
You are immune to petrification.
You are immune to rotting.
You cannot drink potions while threatened.
You cannot read scrolls while threatened.
You cannot study or use magical devices.
Your cowardice makes you less effective in combat with threatening monsters.


Message History

You can't see any susceptible monsters within range! (Use Z to cast anyway.)
You block the ogre mage's attack. You block the deep elf mage's attack.
Casting: Vampiric Draining (mildly dangerous; 3% risk of failure)
Confirm with . or Enter, or press ? or * to list all spells.
Aiming: Vampiric Draining (mildly dangerous; 3% risk of failure)
Press: ? - help, Shift-Dir - straight line, f - deep elf mage
Aim: a deep elf mage, wielding a +0 long sword and wearing a +0 leather armour The deep elf mage is moderately wounded.
You feel life coursing into your body. The ogre mage misses you.
You block the deep elf mage's attack.
Casting: Vampiric Draining (mildly dangerous; 3% risk of failure)
Confirm with . or Enter, or press ? or * to list all spells.
Aiming: Vampiric Draining (mildly dangerous; 3% risk of failure)
Press: ? - help, Shift-Dir - straight line, f/p - deep elf mage
Aim: a deep elf mage, wielding a +0 long sword and wearing a +0 leather armour (moderately wounded)
The deep elf mage is heavily wounded.
You feel life coursing into your body.
The ogre mage gestures at you while chanting.
The crystal spear hits you!!!
You die...

.....# #.......#
.....# #.......#
###### #.......#
#.......# #.......#
#.......# #.).....#
########((.....#
###))(.)eO(@.....#
#..(#.)))#.e.....#
#.(..#(..)#.......#
#.)###(...#.......#
#..[ ####.#.......#
.'.# ..#.......#
..'. .##.......#
..# . #.......# ..


You could see an ogre mage, a deep elf archer (repels missiles) and a deep elf
mage.

Vanquished Creatures
  Rupert (D:12)
  A tentacled monstrosity (Swamp:4)
  A sphinx (D:13)
  Frances (Swamp:1)
  A thorn hunter (Swamp:1)
  Kirke (D:14)
  7 ghost moths
  An orc warlord (Orc:2)
  A fire giant (D:15)
  4 emperor scorpions
  A very ugly thing (Swamp:4)
  2 stone giants
  3 ironheart preservers
  Nessos (D:14)
  A minotaur (Gauntlet)
  A dire elephant (Lair:4)
  2 ettins
  2 green deaths (Swamp:4)
  Snorg (D:14)
  2 fire dragons (Vaults:1)
  3 yaktaur captains
  Josephine (Lair:4)
  2 deep elf death magi
  Fannar (Lair:3)
  A great orb of eyes (Vaults:1)
  2 rakshasas
  14 hydras
  A catoblepas (Gauntlet)
  A shambling mangrove (Swamp:4)
  A ghost crab (Swamp:2)
  13 two-headed ogres
  2 dancing weapons (D:13)
  5 centaur warriors
  10 alligators
  2 thrashing horrors (Swamp:4)
  5 ogre magi
  Sonja (D:10)
  2 orc high priests (Orc:2)
  5 deep elf knights
  4 unseen horrors
  4 ironbrand convokers
  7 swamp dragons
  4 spriggan druids (Swamp:4)
  10 orc knights
  A tengu zombie (Vaults:2)
  3 deep elf archers
  2 necromancers
  2 orc sorcerers (Orc:2)
  4 deep elf magi
  25 wolf spiders
  12 orb spiders
  25 ugly things
  2 oklob plants (Lair:5)
  8 cyclopes
  A stone giant skeleton (Vaults:2)
  2 manticores
  A moth of wrath (Spider:2)
  2 black mambas
  21 elephants
  2 gargoyles (Gauntlet)
  5 vault sentinels
  3 orange demons (Swamp:4)
  Psyche (D:8)
  16 spiny frogs
  2 molten gargoyles (Gauntlet)
  A freezing wraith (D:14)
  12 yaktaurs
  2 efreet
  6 komodo dragons
  19 demonic crawlers
  A jumping spider (shapeshifter) (Vaults:1)
  A queen bee (Spider:3)
  31 jumping spiders
  3 meliai
  2 trolls
  11 tyrant leeches
  2 polar bears (Lair:5)
  17 hornets
  13 bog bodies
  41 slime creatures
  11 dream sheep
  2 hippogriffs
  9 blink frogs
  A human simulacrum (Vaults:2)
  Sigmund (D:2)
  A spriggan (shapeshifter) (Vaults:2)
  8 spriggans
  36 redbacks
  5 shadows
  4 wraiths
  20 yaks
  15 tarantellas
  A vampire (D:13)
  5 hogs (D:14)
  A large abomination (Swamp:4)
  A basilisk (shapeshifter) (Vaults:2)
  3 wyverns
  3 basilisks
  12 vampire mosquitoes
  2 hungry ghosts
  12 insubstantial wisps
  3 wargs
  15 swamp worms
  10 water moccasins
  9 porcupines
  Duvessa (D:5)
  5 ice beasts
  A meliai simulacrum (D:15)
  6 swamp drakes
  27 orc warriors
  4 sky beasts
  3 necrophages (D:8)
  12 ogres
  4 boggarts
  12 centaurs
  8 wolves
  8 crocodiles
  15 bullfrogs
  2 big kobolds
  3 wyvern zombies
  A wyvern skeleton (D:11)
  A water moccasin zombie (D:5)
  10 scorpions
  Dowan (D:5)
  26 killer bees
  8 wights
  3 howler monkeys
  5 electric eels
  8 crimson imps
  2 bullfrog zombies
  2 quasits
  2 centaur zombies (D:6)
  7 hounds
  13 jellies
  22 orc wizards
  A bullfrog skeleton (D:5)
  14 orc priests
  5 centaur skeletons
  Jessica (D:2)
  3 iguanas
  Terence (D:3)
  15 worker ants
  A hound zombie (D:5)
  2 worker ant zombies
  7 gnolls
  A howler monkey skeleton (D:4)
  9 adders
  7 shadow imps
  An adder zombie (D:8)
  12 oozes
  3 worms
  3 dart slugs (D:2)
  5 leopard geckos
  93 orcs
  2 ball pythons
  8 bats
  3 giant cockroaches
  2 goblins
  7 hobgoblins
  11 jackals
  13 kobolds
  A quokka (D:2)
  6 frilled lizards
  A jackal skeleton (D:6)
  A leopard gecko skeleton (D:5)
  A leopard gecko zombie (D:5)
  5 rats
  18 briar patches (Swamp:1)
  13 fungi
  2 plants (Lair:5)
1128 creatures vanquished.

Vanquished Creatures (others)
  2 two-headed ogres
  An ironbrand convoker (Vaults:1)
  2 black mambas
  A spiny frog (Swamp:3)
  A slime creature (Swamp:4)
  A blink frog (Swamp:3)
  2 hippogriffs
  A human simulacrum (Vaults:2)
  2 redbacks
  A spriggan (Swamp:3)
  A vampire mosquito (D:11)
  An orc warrior (D:12)
  A sky beast (D:12)
  A boggart (Vaults:1)
  A centaur (D:12)
  3 bullfrogs
  A killer bee (Spider:3)
  A wight (D:9)
  2 electric eels (D:12)
  A crimson imp (D:12)
  2 orcs (D:12)
  A giant cockroach (Lair:2)
  A demonic plant (Gauntlet)
  63 fungi
  9 plants
103 creatures vanquished.

Grand Total: 1231 creatures vanquished

Notes
Turn   | Place    | Note
-------+----------+-------------------------------------------
     0 | D:1      | Gynju the Gargoyle Earth Elementalist began the quest for
                  | the Orb.
     0 | D:1      | Reached XP level 1. HP: 10/10 MP: 3/3
   401 | D:1      | Reached XP level 2. HP: 12/15 MP: 3/5
  1409 | D:2      | Reached XP level 3. HP: 15/19 MP: 4/6
  1586 | D:2      | Reached skill level 1 in Shields
  1740 | D:2      | Reached XP level 4. HP: 24/24 MP: 4/8
  1893 | D:2      | Found a shattered altar of Ashenzari.
  2002 | D:2      | Noticed Jessica
  2009 | D:2      | Killed Jessica
  2241 | D:2      | Noticed Sigmund
  2245 | D:2      | Killed Sigmund
  2245 | D:2      | Reached skill level 5 in Earth Magic
  2245 | D:2      | Reached XP level 5. HP: 12/28 MP: 4/10
  2245 | D:2      | Reached XP level 6. HP: 14/32 MP: 4/11
  2652 | D:3      | Learned a level 2 spell: Passwall
  2690 | D:3      | Noticed Terence
  2699 | D:3      | Killed Terence
  3191 | D:3      | Found a shadowy altar of Dithmenos.
  4215 | D:4      | Reached XP level 7. HP: 13/36 MP: 6/13
  4582 | D:4      | HP: 1/36 [orc priest/divine providence (11)]
  5575 | D:4      | Got a faintly glowing scimitar
  5576 | D:4      | Identified the cursed +0 scimitar of Qitounes {pain, rF+
                  | Int+4 SInv} (You found it on level 4 of the Dungeon)
  5719 | D:5      | Entered Level 5 of the Dungeon
  5724 | D:5      | Learned a level 3 spell: Stone Arrow
  5730 | D:5      | Learned a level 5 spell: Lee's Rapid Deconstruction
  6019 | D:5      | Reached skill level 5 in Spellcasting
  6307 | D:5      | Reached XP level 8. HP: 41/41 MP: 14/16
  6337 | D:5      | Noticed Duvessa
  6340 | D:5      | Noticed Dowan
  6353 | D:5      | Killed Dowan
  6530 | D:5      | Killed Duvessa
  7112 | D:5      | Found a snail-covered altar of Cheibriados.
  7455 | D:6      | Reached skill level 1 in Fighting
  7455 | D:6      | Reached skill level 1 in Armour
  8020 | D:6      | Reached XP level 9. HP: 49/49 MP: 19/19
  8045 | D:6      | Found a runed translucent door.
  8073 | D:6      | Found a runed translucent door.
  8616 | D:7      | You fall into a shaft and drop 1 floor!
  9475 | D:7      | Found a stormy altar of Qazlal.
  9639 | D:7      | Found a staircase to the Ecumenical Temple.
  9773 | Temple   | Entered the Ecumenical Temple
  9839 | Temple   | Became a worshipper of Ru the Awakened
  9944 | D:8      | Reached skill level 5 in Fighting
 10029 | D:8      | Reached skill level 5 in Armour
 10203 | D:8      | Reached skill level 5 in Dodging
 10221 | D:8      | Reached skill level 1 in Transmutations
 10399 | D:8      | Reached skill level 1 in Conjurations
 10494 | D:8      | Noticed Psyche
 10506 | D:8      | Killed Psyche
 10506 | D:8      | Reached XP level 10. HP: 59/59 MP: 13/20
 10514 | D:8      | Learned a level 4 spell: Petrify
 10524 | D:8      | Learned a level 3 spell: Vampiric Draining
 10802 | D:8      | Reached skill level 1 in Necromancy
 11787 | D:9      | Noticed a two-headed ogre
 11788 | D:9      | Found a radiant altar of Vehumet.
 11788 | D:9      | Found a hazy altar of Hepliaklqana.
 11788 | D:9      | Found a shadowy altar of Dithmenos.
 11788 | D:9      | Found a glowing golden altar of the Shining One.
 11796 | D:9      | Killed a two-headed ogre
 11921 | D:9      | Found a shimmering altar of Xom.
 11923 | D:9      | Found an iron altar of Okawaru.
 12035 | D:9      | Gained mutation: You cannot drink potions while threatened.
                  | [Ru sacrifice]
 12035 | D:9      | Reached * piety under Ru
 12091 | D:10     | Entered Level 10 of the Dungeon
 12219 | D:9      | Reached skill level 5 in Conjurations
 12449 | D:10     | Got a crude spear
 12454 | D:10     | Identified the +7 spear "Zeuv" {vorpal, rElec rC- Int+4}
                  | (You found it on level 10 of the Dungeon)
 12918 | D:10     | Noticed Sonja
 13146 | D:10     | Killed Sonja
 13146 | D:10     | Reached skill level 5 in Transmutations
 13146 | D:10     | Reached XP level 11. HP: 63/63 MP: 7/21
 13561 | D:11     | Reached skill level 5 in Necromancy
 13729 | D:11     | Reached skill level 1 in Evocations
 14294 | D:11     | Found the +7 Singing Sword {vorpal, sonic wave}
 14378 | D:11     | Found a staircase to the Lair.
 14453 | D:11     | Gained mutation: You cannot read scrolls while threatened.
                  | [Ru sacrifice]
 14453 | D:11     | Reached ** piety under Ru
 14453 | D:11     | Reached *** piety under Ru
 14537 | D:11     | Noticed a cyclops
 14547 | D:11     | Killed a cyclops
 14989 | D:11     | HP: 2/63 [komodo dragon (22)]
 15297 | Lair:1   | Entered Level 1 of the Lair of Beasts
 15297 | Lair:1   | Noticed a six-headed hydra
 15302 | Lair:1   | Killed a six-headed hydra
 15311 | D:11     | Reached skill level 1 in Long Blades
 15726 | Lair:1   | Found a dark tunnel.
 16233 | Lair:1   | Learned a level 1 spell: Apportation
 16816 | Lair:2   | Reached skill level 2 in Long Blades
 17107 | Lair:2   | Gained mutation: Your cowardice makes you less effective in
                  | combat with threatening monsters. [Ru sacrifice]
 17107 | Lair:2   | Reached **** piety under Ru
 17578 | Lair:2   | Reached XP level 12. HP: 62/70 MP: 6/24
 17631 | Lair:2   | Reached skill level 3 in Long Blades
 18080 | Lair:3   | Found a hole to the Spider Nest.
 18343 | Lair:3   | Noticed Fannar
 18370 | Lair:3   | Killed Fannar
 18861 | Lair:3   | Reached skill level 4 in Long Blades
 19045 | Lair:3   | Found a staircase to the Swamp.
 19529 | Lair:4   | Noticed a six-headed hydra
 19535 | Lair:4   | Killed a six-headed hydra
 19974 | Lair:4   | Reached skill level 5 in Long Blades
 20151 | Lair:4   | Noticed Josephine
 20172 | Lair:4   | Killed Josephine
 20172 | Lair:4   | Reached XP level 13. HP: 35/76 MP: 10/26
 20220 | Lair:4   | Noticed a dire elephant
 20264 | Lair:3   | Gained mutation: You cannot study or use magical devices.
                  | [Ru sacrifice]
 20264 | Lair:3   | Reached ***** piety under Ru
 20264 | Lair:3   | Reached ****** piety under Ru
 20458 | Lair:4   | Reached skill level 6 in Long Blades
 20713 | Lair:4   | Killed a dire elephant
 20713 | Lair:4   | Reached skill level 10 in Spellcasting
 21496 | Lair:5   | Reached skill level 7 in Long Blades
 21855 | Lair:5   | Reached skill level 8 in Long Blades
 22148 | Lair:5   | Found a viscous altar of Jiyva.
 22149 | Lair:5   | Found a staircase to the Slime Pits.
 22280 | Lair:5   | Reached skill level 9 in Long Blades
 22399 | Lair:5   | Found a shimmering altar of Xom.
 23082 | Lair:5   | Identified the +7 battleaxe of the Ten Wonders {speed,
                  | rElec Dex+6} (You found it on level 5 of the Lair of
                  | Beasts)
 23476 | D:12     | You fall into a shaft and drop 2 floors!
 23477 | D:14     | Noticed Snorg
 23493 | D:14     | Killed Snorg
 23493 | D:14     | Reached skill level 10 in Long Blades
 23900 | D:13     | Found a gate leading to a gauntlet.
 23904 | D:13     | Gained mutation: Your large and strong wings let you fly
                  | indefinitely. [Gargoyle growth]
 23904 | D:13     | Reached XP level 14. HP: 82/82 MP: 28/28
 23909 | Gauntlet | Entered a Gauntlet
 23909 | Gauntlet | Found a transporter.
 23912 | Gauntlet | Found a transporter.
 23932 | Gauntlet | Found a transporter.
 23932 | Gauntlet | Found a transporter.
 23932 | Gauntlet | Noticed a reaper
 23950 | Gauntlet | Found a transporter.
 23962 | Gauntlet | Found a runed translucent door.
 23963 | Gauntlet | Found a transporter.
 23976 | Gauntlet | Found a transporter.
 23995 | Gauntlet | Found a transporter.
 23999 | Gauntlet | Found a transporter.
 24010 | Gauntlet | Found a transporter.
 24026 | Gauntlet | Found a transporter.
 24030 | Gauntlet | Found a transporter.
 24034 | Gauntlet | Found a runed translucent door.
 24125 | Gauntlet | Got a pair of warped boots
 24175 | Gauntlet | Identified the +0 pair of boots of the Doldrums {Int+3}
                  | (You found it in a Gauntlet)
 24460 | Gauntlet | Reached skill level 11 in Long Blades
 25142 | D:13     | Found a corrupted altar of Lugonu.
 25192 | D:13     | Found a gate to the Vaults.
 25719 | D:13     | Reached skill level 12 in Long Blades
 26321 | D:14     | Found a snail-covered altar of Cheibriados.
 26514 | D:14     | Noticed Nessos
 26579 | D:14     | Killed Nessos
 26902 | D:14     | Noticed Kirke
 26916 | D:14     | Killed Kirke
 27666 | D:13     | Reached skill level 13 in Long Blades
 27900 | D:12     | Noticed Rupert
 27913 | D:12     | Killed Rupert
 28112 | D:12     | Found a sacrificial altar of Ru.
 28331 | D:12     | Found a staircase to the Orcish Mines.
 28908 | D:13     | Reached skill level 14 in Long Blades
 28908 | D:13     | Reached XP level 15. HP: 86/86 MP: 29/29
 28955 | D:15     | Entered Level 15 of the Dungeon
 29967 | D:15     | Found a burning altar of Makhleb.
 29967 | D:15     | Noticed an Executioner
 29978 | D:15     | Found a staircase to the Depths.
 29978 | D:15     | Noticed a fire giant
 29986 | D:15     | Killed a fire giant
 30317 | Orc:1    | Entered Level 1 of the Orcish Mines
 30417 | Orc:1    | Found a roughly hewn altar of Beogh.
 31208 | Orc:1    | Found a roughly hewn altar of Beogh.
 31659 | Orc:2    | Entered Level 2 of the Orcish Mines
 31688 | Orc:2    | Found Othris's Weapon Boutique.
 31824 | Orc:2    | Reached skill level 15 in Long Blades
 32023 | Orc:2    | Noticed an orc warlord
 32204 | Orc:2    | Found Xeecheofy's General Store.
 32782 | Orc:2    | Paralysed by an orc sorcerer for 3 turns
 32787 | Orc:2    | Killed an orc warlord
 33016 | Orc:2    | Found Xaczus's Antique Weapon Emporium.
 33093 | Orc:2    | Found Vywicora's Book Shoppe.
 33228 | Orc:2    | Found Ovvoh's Antique Armour Shop.
 33236 | Orc:2    | Found a staircase to the Elven Halls.
 33378 | Orc:2    | Bought a helmet for 117 gold pieces
 33539 | Spider:1 | Entered Level 1 of the Spider Nest
 33658 | Spider:1 | Reached skill level 16 in Long Blades
 33829 | Spider:1 | Noticed a ghost moth
 33847 | Spider:1 | Killed a ghost moth
 34236 | Spider:2 | Noticed a ghost moth
 34247 | Spider:2 | Killed a ghost moth
 34657 | Spider:2 | Noticed an emperor scorpion
 34670 | Spider:2 | Killed an emperor scorpion
 34826 | Spider:2 | Noticed an emperor scorpion
 34828 | Spider:2 | Found a transporter.
 34842 | Spider:2 | Noticed Arachne
 34874 | Spider:2 | Found a transporter.
 35280 | Spider:3 | Reached XP level 16. HP: 92/92 MP: 30/30
 36333 | Spider:3 | Got a shimmering cloak
 36369 | Spider:2 | Identified the cursed +0 cloak "Etuu" {rN+ rCorr Dex+4}
                  | (You found it on level 3 of the Spider Nest)
 36761 | Swamp:1  | Entered Level 1 of the Swamp
 36967 | Swamp:1  | Noticed a thorn hunter
 36977 | Swamp:1  | Killed a thorn hunter
 37149 | Swamp:1  | Noticed Frances
 37257 | Swamp:1  | Killed Frances
 37987 | Swamp:1  | Reached skill level 10 in Armour
 39646 | Swamp:3  | Reached skill level 10 in Fighting
 40255 | Swamp:4  | Entered Level 4 of the Swamp
 40474 | Swamp:4  | Reached XP level 17. HP: 102/102 MP: 31/31
 40609 | Swamp:4  | Reached skill level 10 in Dodging
 40633 | Swamp:4  | Reached skill level 10 in Earth Magic
 41472 | Swamp:4  | Reached skill level 10 in Conjurations
 42113 | Swamp:4  | Noticed a tentacled monstrosity
 42122 | Swamp:4  | Killed a tentacled monstrosity
 42557 | Swamp:4  | Got a decaying rune of Zot
 42848 | Spider:4 | Entered Level 4 of the Spider Nest
 43554 | Spider:4 | Reached skill level 5 in Shields
 43996 | Spider:4 | Reached XP level 18. HP: 105/107 MP: 0/32
 44816 | Spider:4 | Got a gossamer rune of Zot
 45077 | Vaults:1 | Entered Level 1 of the Vaults
 46098 | Vaults:1 | Found Docureu's Jewellery Shoppe.
 47920 | Vaults:2 | Learned a level 6 spell: Iron Shot
 48161 | Vaults:2 | Reached XP level 19. HP: 82/112 MP: 35/35
 48184 | Vaults:2 | Killed from afar by an ogre mage

Illustrated notes

Levels and vault maps discovered:
D:1:      lightli_arrival_statue_moat, layout_basic, minmay_statues_item,
          hangedman_feature_mirror
D:2:      layout_basic, evilmike_ruin_ashenzari, uniq_jessica, uniq_sigmund
D:3:      kennysheep_big_flooded_room, layout_basic, first_ration,
          grunt_dithmenos_smoke, uniq_terence
D:4:      layout_layer_cave
D:5:      layout_loops_ring, grunt_ministairs_11, cheibriados_altar_1,
          uniq_duvessa
D:6:      lemuel_insect_pit, layout_basic
D:7:      layout_basic, minmay_temple_entry_nine_rooms, basic_altar
D:8:      layout_basic, uniq_psyche
D:9:      layout_basic, minmay_overflow_temple_hex, blue_anna_alchemist
          [blue_anna_fruit_fields, blue_anna_fruit_fields]
D:10:     statuecave_lemuel, layout_gridville, serial_rivers,
          chequers_serial_rivers_large_b, chequers_serial_rivers_room_b,
          chequers_serial_rivers_micro_c, chequers_serial_rivers_small_a,
          chequers_serial_rivers_micro_b, chequers_serial_rivers_room_b,
          uniq_sonja
D:11:     old_forge, layout_irregular_city, david_lair_shrubbed, serial_rivers,
          chequers_serial_rivers_micro_c, chequers_serial_rivers_micro_b,
          chequers_serial_rivers_micro_d, chequers_serial_rivers_micro_c
D:12:     layout_roguey, orc_0_dummy, basic_altar, lemuel_freeze_loot_1,
          uniq_rupert
D:13:     layout_basic, erik_vaults_1, gauntlet_entry_generic, tgw_lugonu_bribe
D:14:     layout_irregular_city, lemuel_doored_altar, uniq_nessos, uniq_kirke,
          uniq_snorg
D:15:     grunt_enter_depths_giant_problem, layout_rooms,
          minmay_misc_feat_plants, makhleb_altar_promises_db
Temple:   nicolae_temple_x_marks_the_god
Lair:1:   layout_gridlike, nicolae_volcano_entry_hallway
Lair:2:   layout_loops_ring, infiniplex_staircase_pool_2
Lair:3:   layout_roguey, skrybe_swamp_entry_bodies,
          nicolae_spider_entry_non_spiders, chequers_serial_rivers_room_b,
          beast_lair_carwin_4, uniq_fannar
Lair:4:   mu_elephants_graveyard, layout_regular_city, uniq_josephine
Lair:5:   lemuel_slime, layout_cellular_growth, slime_altar_1, basic_altar,
          minmay_lair_oklob_items, nicolae_quartered_pool_little,
          serial_bayou_pond_b, grunt_megastairs_2
Swamp:1:  layout_basic_swamp, evilmike_swamp_ruin_house_2, swamp_pool2,
          uniq_frances
Swamp:2:  layout_falls_marsh, nicolae_swamp_very_dense_foliage, swamp_pool1
Swamp:3:  layout_basic_swamp, nicolae_swamp_feature_on_the_river_bank
Swamp:4:  swamp_vile, layout_basic_swamp, swamp_pool3,
          nicolae_swamp_rocky_clearing
Spider:1: layout_spider_delve
Spider:2: gammafunk_the_bubble [the_bubble_gammafunk_plus_minus], uniq_arachne
Spider:3: layout_spider_delve, special_room [special_room_bee]
Spider:4: guppyfry_spider_rune, guppyfry_hornet_nest
Orc:1:    layout_caves, basic_altar, minmay_orc_temple_a
Orc:2:    grunt_orc_gardens, layout_diamond_mine, grunt_orc_garden,
          grunt_orc_garden, grunt_orc_garden, grunt_orc_garden, serial_shops,
          nicolae_shop_stone
Vaults:1: nicolae_vaults_network_barrier, ontoclasm_vaults_claustrophobia,
          v_misc_23, v_misc_27, v_misc_33, vaults_mumra_minichess, v_misc_5,
          st_more_cells, v_pattern_5, vaults_room_hallway, vaults_dpeg_doors,
          v_misc_24, ontoclasm_vaults_twist, layout_vaults_ring, serial_shops,
          nicolae_shop_crystal
Vaults:2: hangedman_vaults_capsules, vaults_mumra_hex,
          nicolae_vaults_mini_display_case, v_misc_9,
          nicolae_vaults_little_squares_6, nicolae_vaults_network_star,
          minmay_crypt_entry_necro_gods, nicolae_vaults_network_square,
          v_misc_23, st_greater_box_3, v_misc_23, layout_vaults_omnibox

Skill      XL: |  1  2  3  4  5  6  7  8  9 10 11 12 13 14 15 16 17 18 19 |
---------------+----------------------------------------------------------+-----
Earth Magic    | 4 5 6 7 9 11 13 | 13.3
Shields        | 1 3 4 5 8 9 |  9.0
Spellcasting   | 3 4 5 7 8 9 10 12 | 12.1
Fighting       | 2 5 6 7 10 | 10.0
Armour         | 2 5 6 8 10 | 10.0
Dodging        | 2 5 7 8 9 10 | 10.0
Transmutations | 2 5 |  5.0
Conjurations   | 2 5 7 11 12 | 12.9
Necromancy     | 4 5 |  5.0
Evocations     | 3 0 |  0.0
Long Blades    | 2 5 10 14 16 | 16.0
Stealth        | |  2.1

Action                   |  1- 3 |  4- 6 |  7- 9 | 10-12 | 13-15 | 16-18 | 19-21 || total
-------------------------+-------+-------+-------+-------+-------+-------+-------++-------
Melee: Dagger            |    61 |       |       |       |       |       |       ||    61
       Unarmed           |    13 |       |       |       |       |       |       ||    13
       Whip              |    49 |    49 |       |       |       |       |       ||    98
       Falchion          |       |    17 |       |       |       |       |       ||    17
       Scimitar          |       |       |   405 |    94 |       |       |       ||   499
       Spear             |       |       |       |    85 |       |       |       ||    85
       Double sword      |       |       |       |    58 |   504 |   987 |    11 ||  1560
Throw: Stone             |       |       |       |       |       |     2 |       ||     2
 Cast: Sandblast         |    18 |    37 |    80 |    19 |       |     2 |       ||   156
       Stone Arrow       |       |       |    26 |   286 |   419 |   276 |       ||  1007
       Vampiric Draining |       |       |       |    18 |    35 |    26 |     3 ||    82
       Lee's Rapid Decon |       |       |       |       |     4 |     1 |       ||     5
       Petrify           |       |       |       |       |     2 |     3 |       ||     5
       Iron Shot         |       |       |       |       |       |     1 |       ||     1
Invok: Sacrifice Drink   |       |       |       |     1 |       |       |       ||     1
       Draw Out Power    |       |       |       |     2 |     2 |     3 |       ||     7
       Sacrifice Words   |       |       |       |     1 |       |       |       ||     1
       Sacrifice Courage |       |       |       |     1 |       |       |       ||     1
       Apocalypse        |       |       |       |       |     4 |     2 |     1 ||     7
       Sacrifice Artific |       |       |       |       |     1 |       |       ||     1
       Power Leap        |       |       |       |       |       |     1 |       ||     1
 Abil: Fly               |       |       |       |       |       |     1 |       ||     1
  Use: Scroll            |       |     5 |     5 |       |    24 |     5 |       ||    39
       Potion            |       |       |       |       |     4 |     1 |       ||     5
 Stab: Sleeping          |     3 |     4 |     5 |     4 |       |       |       ||    16
       Paralysed         |       |       |       |       |     6 |     2 |       ||     8
       Distracted        |       |       |       |       |     6 |     9 |     1 ||    16
       Invisible         |       |       |       |       |     3 |     6 |       ||     9
       Petrified         |       |       |       |       |     9 |       |       ||     9
  Eat: Chunk             |     3 |     4 |    14 |    24 |    34 |    33 |       ||   112
       Ration            |       |     1 |     2 |     2 |     4 |     3 |       ||    12
Armor: Robe              |    38 |    14 |     1 |       |       |       |       ||    53
       Steam dragon scal |       |       |   198 |   213 |   295 |   582 |     3 ||  1291
Dodge: Dodged            |    77 |    33 |   263 |   341 |   404 |   661 |     2 ||  1781
Block: Buckler           |    47 |    39 |   245 |   168 |   271 |   281 |       ||  1051
       Reflection        |     1 |     4 |     5 |     6 |    14 |    16 |       ||    46
       Kite shield       |       |       |       |       |       |   359 |     9 ||   368
       Rpst.: Falchion   |       |     1 |       |       |       |       |       ||     1
       Scimitar          |       |       |    72 |    20 |       |       |       ||    92
       Double sword      |       |       |       |    58 |   102 |   107 |       ||   267

Table legend:
 A = Non-vault XP
 B = Vault XP
 C = Vault XP percentage of total XP
 D = Non-vault monster count
 E = Vault monster count
 F = Vault count percentage of total count
                 A         B        C        D         E       F
            +---------+---------+-------+---------+---------+-------
      Total |  198828 |  124480 |  38.5 |     818 |     294 |  26.4
            +---------+---------+-------+---------+---------+-------
        D:1 |      25 |       0 |   0.0 |      15 |       0 |   0.0
        D:2 |      98 |     264 |  72.9 |      32 |       2 |   5.9
        D:3 |      51 |      37 |  42.0 |       6 |       3 |  33.3
        D:4 |     243 |       0 |   0.0 |      14 |       0 |   0.0
        D:5 |     905 |     285 |  23.9 |      26 |       3 |  10.3
        D:6 |     854 |       0 |   0.0 |      31 |       0 |   0.0
        D:7 |     592 |       0 |   0.0 |      12 |       0 |   0.0
        D:8 |    1727 |     404 |  19.0 |      38 |       1 |   2.6
        D:9 |    1832 |      88 |   4.6 |      20 |       1 |   4.8
       D:10 |    1441 |     820 |  36.3 |      24 |       1 |   4.0
       D:11 |    2284 |     691 |  23.2 |      17 |      15 |  46.9
       D:12 |    8359 |    3257 |  28.0 |      52 |       1 |   1.9
       D:13 |    8764 |    7523 |  46.2 |      33 |       8 |  19.5
       D:14 |    7252 |    5372 |  42.6 |      28 |       8 |  22.2
       D:15 |    7307 |    1368 |  15.8 |      21 |       1 |   4.5
     Lair:1 |    2612 |       0 |   0.0 |       9 |       0 |   0.0
     Lair:2 |    4087 |    1053 |  20.5 |      15 |      11 |  42.3
     Lair:3 |    2638 |    5496 |  67.6 |      10 |      16 |  61.5
     Lair:4 |    6266 |    7360 |  54.0 |      24 |      15 |  38.5
     Lair:5 |    5290 |    2145 |  28.9 |      27 |      25 |  48.1
    Swamp:1 |    9503 |    2248 |  19.1 |      23 |       1 |   4.2
    Swamp:2 |   11613 |       0 |   0.0 |      33 |       0 |   0.0
    Swamp:3 |   10863 |     214 |   1.9 |      35 |       1 |   2.8
    Swamp:4 |   19284 |   20052 |  51.0 |      46 |      29 |  38.7
   Spider:1 |    9461 |       0 |   0.0 |      28 |       0 |   0.0
   Spider:2 |   11883 |     849 |   6.7 |      27 |       6 |  18.2
   Spider:3 |    8680 |    3515 |  28.8 |      23 |      16 |  41.0
   Spider:4 |   13461 |   19526 |  59.2 |      36 |      38 |  51.4
      Orc:1 |    3289 |    1455 |  30.7 |      19 |       9 |  32.1
      Orc:2 |    1516 |    8280 |  84.5 |      35 |      25 |  41.7
   Vaults:1 |   22731 |   17638 |  43.7 |      39 |      31 |  44.3
   Vaults:2 |   13917 |   10237 |  42.4 |      20 |      20 |  50.0
   Gauntlet |       0 |    4303 | 100.0 |       0 |       7 | 100.0
            +---------+---------+-------+---------+---------+-------
